 Dungeon Crawl Stone Soup version 0.27-a0-366-g8badd94918 (webtiles) character file.

Game seed: 3593029119790743885

268 hobsini the Skirmisher (level 6, -4/49 HPs)
             Began as a Human Fighter on Feb 17, 2021.
             Killed by divine providence
             ... invoked by an orc priest
              (11 damage)
             ... on level 3 of the Dungeon.
             The game lasted 00:17:12 (2080 turns).

hobsini the Skirmisher (Human Fighter)              Turns: 2080, Time: 00:17:13

Health: -4/49      AC:  9    Str: 18    XL:     6   Next: 46%
Magic:  6/6        EV:  7    Int:  8    God:
Gold:   109        SH:  9    Dex: 13    Spells: 5/5 levels left

rFire    . . .     SeeInvis .   a - +0 long sword
rCold    . . .     Faith    .   c - +0 kite shield
rNeg     . . .     Spirit   .   b - +0 scale mail
rPois    .         Reflect  .   f - +0 helmet
rElec    .         Harm     .   (no cloak)
rCorr    .         Rampage  .   m - +0 pair of gloves
Will     .....                  (no boots)
Stlth    ..........             (no amulet)
HPRegen  0.16/turn              (no ring)
MPRegen  0.10/turn              (no ring)

@: attractive
A: no striking features
a: no special abilities


You were on level 3 of the Dungeon.
You visited 1 branch of the dungeon, and saw 3 of its levels.

You collected 109 gold pieces.

Inventory:

Hand Weapons
 a - a +0 long sword (weapon)
 g - a +0 dagger of venom
 k - a +0 short sword
 v - a +3 quarterstaff of chaos
 w - a +0 mace
 x - a +0 trident
 B - a +0 mace
Armour
 b - a +0 scale mail (worn)
 c - a +0 kite shield (worn)
 f - a +0 helmet (worn)
 m - a +0 pair of gloves (worn)
 o - a scarf of shadows
 q - a +0 cloak
 y - a +0 buckler
Scrolls
 h - a scroll of noise {unknown}
 i - 2 scrolls of enchant armour {unknown}
 j - a scroll of fear {unknown}
 l - 3 scrolls of identify {unknown}
 p - 2 scrolls of amnesia {unknown}
 r - a scroll of blinking {unknown}
 D - a scroll of teleportation {unknown}
 E - a scroll of random uselessness {unknown}
Potions
 d - a potion of might
 e - a potion of resistance {unknown}
 n - a potion of magic {unknown}
 s - a potion of ambrosia {unknown}
 t - a potion of attraction
 u - a potion of curing {unknown}
 z - 2 potions of mutation {unknown}
 A - a potion of degeneration {unknown}
 C - a potion of invisibility {unknown}


   Skills:
 + Level 4.3 Fighting
 + Level 4.0 Long Blades
 + Level 3.7 Armour
 + Level 1.1 Dodging
 + Level 3.8 Shields


You had 5 spell levels left.
You didn't know any spells.
Your spell library contained the following spells:

 Spells                   Type           Power        Failure   Level
 Magic Dart               Conj           0%           99%         1
 Blink                    Tloc           N/A          100%        2
 Call Imp                 Summ           0%           100%        2
 Slow                     Hex            0%           100%        2
 Conjure Flame            Conj/Fire      0%           100%        3
 Mephitic Cloud           Conj/Pois/Air  0%           100%        3


Dungeon Overview and Level Annotations

Branches:
Dungeon (3/15)

Altars:
Ashenzari
Elyvilon
Fedhas
Makhleb
Okawaru
Sif Muna
Trog
Zin


Message History

The orc hits you but does no damage.
The orc hits you from afar with a +0 trident.
The orc hits you but does no damage.
You hit the orc.
You kill the orc!
The orc hits you from afar with a +0 trident.
The orc priest calls upon Beogh to heal the orc.
The orc's wounds heal themselves!
The orc hits you from afar with a +0 trident.
Your Long Blades skill increases to level 4!
You hit something but do no damage. Something hits you.
The orc barely misses you.
You hear some strange, mumbled words.
A magic dart appears from out of thin air!
The magic dart hits you!
The orc priest invokes the aid of Beogh against you.
Beogh smites you!
* * * LOW HITPOINT WARNING * * *
You hit something. The orc hits you but does no damage.
You hear some strange, mumbled words.
You are confused.
You bump into the rock wall.
The orc hits you from afar with a +0 trident.
* * * LOW HITPOINT WARNING * * *
Something hits you but does no damage.
You bump into the rock wall.
Something hits you but does no damage. The orc hits you but does no damage.
It was a potion of attraction.
You feel attractive to monsters.
You hear some strange, mumbled words.
A magic dart appears from out of thin air!
The magic dart hits you but does no damage.
The orc barely misses you.
You're too confused to move!
Something hits you but does no damage. The orc hits you but does no damage.
You bump into the rock wall.
You feel less confused.
The orc priest calls down the wrath of Beogh upon you.
Beogh smites you!
You die...

####### .......
....... .....>.
......o########
.....og{@.....####
......o######....####
....... ####....#####
....... ####......
#.##... #....#### #
.g.. .....#### .....
#....... #.....
####....#####
#.........


You could see an orc priest, 2 orcs and a goblin.

Vanquished Creatures
  A necrophage (D:2)
  Crazy Yiuf (D:2)
  Jessica (D:3)
  3 adders
  An ufetubus (D:2)
  2 oozes (D:1)
  4 worms
  A dart slug (D:1)
  A leopard gecko (D:2)
  An orc (D:3)
  4 bats
  4 giant cockroaches
  10 hobgoblins
  4 jackals (D:2)
  A quokka (D:3)
  4 frilled lizards
  8 goblins
  11 kobolds
  8 rats
70 creatures vanquished.

Notes
Turn   | Place    | Note
-------+----------+-------------------------------------------
     0 | D:1      | hobsini the Human Fighter began the quest for the Orb.
     0 | D:1      | Reached XP level 1. HP: 18/18 MP: 1/1
   232 | D:1      | Reached XP level 2. HP: 24/24 MP: 2/2
   373 | D:1      | Reached XP level 3. HP: 26/29 MP: 3/3
   824 | D:2      | Noticed a necrophage
   846 | D:2      | Killed a necrophage
   847 | D:2      | Reached XP level 4. HP: 13/35 MP: 4/4
   847 | D:2      | Reached XP level 5. HP: 15/41 MP: 5/5
  1125 | D:2      | Reached skill level 1 in Dodging
  1375 | D:2      | Found a runed translucent door.
  1376 | D:2      | Noticed Crazy Yiuf
  1387 | D:2      | Killed Crazy Yiuf
  1388 | D:2      | Reached XP level 6. HP: 15/48 MP: 6/6
  1717 | D:3      | Found a faded altar of an unknown god.
  1772 | D:3      | Noticed Jessica
  1778 | D:3      | Killed Jessica
  2003 | D:3      | Found a burning altar of Makhleb.
  2003 | D:3      | Found a bloodstained altar of Trog.
  2005 | D:3      | Found a blossoming altar of Fedhas.
  2005 | D:3      | Found a glowing silver altar of Zin.
  2011 | D:3      | Found a broken altar of Ashenzari.
  2017 | D:3      | Found a white marble altar of Elyvilon.
  2019 | D:3      | Found a shimmering blue altar of Sif Muna.
  2021 | D:3      | Found an iron altar of Okawaru.
  2080 | D:3      | Killed from afar by an orc priest

Illustrated notes

Levels and vault maps discovered:
D:1:      dpeg_arrival_short_road, layout_loops_ring
D:2:      layout_basic, uniq_crazy_yiuf_cottage
D:3:      layout_rooms, grunt_temple_overflow_open,
          chequers_ecumenical_altar_simple, uniq_jessica

Skill      XL: |  1  2  3  4  5  6 |
---------------+-------------------+-----
Long Blades    | 3 4 |  4.0
Dodging        | 1 |  1.1
Fighting       | 4 |  4.3
Armour         | |  3.7
Shields        | |  3.8

Action                   |  1- 3 |  4- 6 || total
-------------------------+-------+-------++-------
Melee: Long sword        |    83 |   155 ||   238
  Use: Potion            |       |     1 ||     1
Armor: Scale mail        |    37 |    79 ||   116
Dodge: Dodged            |    23 |    59 ||    82
Block: Kite shield       |    37 |    78 ||   115
       Rpst.: Long sword |     9 |    23 ||    32

Table legend: (Time is in decaauts)
 A = Elapsed time spent in this place.
 B = Non-inter-level travel time spent in this place.
 C = Inter-level travel time spent in this place.
 D = Time resting spent in this place.
 E = Time spent auto-exploring this place.
 F = Levels seen in this place.
 G = Mean time per level.
                   A        B        C        D        E       F      G
               +--------+--------+--------+--------+--------+-----+--------+
         Total |   2193 |   2193 |      0 |      0 |      0 |   3 |  731.0 |
       Dungeon |   2193 |   2193 |      0 |      0 |      0 |   3 |  731.0 |
               +--------+--------+--------+--------+--------+-----+--------+

Top non-repeatable levels by time:
     D:2: 987 daAuts
     D:1: 820 daAuts
     D:3: 385 daAuts
